 Dungeon Crawl Stone Soup version 0.24-a0-516-g9de272b (webtiles) character file.

Game seed: 13654481281738461685

1234 Spazmo the Magician (level 8, 0/41 HPs)
             Began as a Deep Elf Fire Elementalist on July 21, 2019.
             Slain by Grinder (5 damage)
             ... on level 5 of the Dungeon.
             The game lasted 00:09:52 (3190 turns).

Spazmo the Magician (Deep Elf Fire Elementalist)    Turns: 3190, Time: 00:09:53

Health: 0/41       AC:  3    Str:  5    XL:     8   Next: 24%
Magic:  7/21       EV: 12    Int: 23    God:
Gold:   280        SH:  5    Dex: 15    Spells: 7/22 levels left

rFire    . . .     SeeInvis .   b - +2 spear (venom)
rCold    . . .     Gourm    .   l - +0 buckler
rNeg     . . .     Faith    .   p - +0 robe of the Untouchables {Stlth+}
rPois    .         Spirit   .   (no helmet)
rElec    .         Reflect  .   k - +0 cloak
rCorr    .         Harm     .   (no gloves)
MR       .....                  (no boots)
Stlth    +++.......             (no amulet)
HPRegen  0.13/turn              (no ring)
MPRegen  0.17/turn              (no ring)

@: lightly drained
A: no striking features
a: no special abilities


You were on level 5 of the Dungeon.
You were not hungry.

You visited 1 branch of the dungeon, and saw 7 of its levels.

You collected 280 gold pieces.

Inventory:

Hand Weapons
 b - a +2 spear of venom (weapon)
Missiles
 f - 98 stones (quivered)
Armour
 k - a +0 cloak (worn)
 l - a +0 buckler (worn)
 p - the +0 robe of the Untouchables (worn) {Stlth+}
   (You found it on level 7 of the Dungeon)

   It makes you more stealthy.
Scrolls
 d - 3 scrolls of identify
 j - a scroll of vulnerability {unknown}
 n - 2 scrolls of teleportation
 o - 2 scrolls of amnesia
 t - a scroll of remove curse
Potions
 a - a potion of curing {unknown}
 e - 2 potions of flight {unknown}
 g - a potion of haste
 i - 2 potions of lignification {unknown}
 m - 2 potions of mutation {unknown}
 q - a potion of agility {unknown}
 r - a potion of berserk rage {unknown}
 s - a potion of might
Comestibles
 c - 5 rations
 h - 5 chunks of flesh


   Skills:
 - Level 2.4(2.3) Dodging
 - Level 2.4(2.3) Stealth
 + Level 2.6 Shields
 + Level 7.5 Spellcasting
 + Level 5.8 Conjurations
 + Level 6.7 Fire Magic


You had 7 spell levels left.
You knew the following spells:

 Your Spells              Type           Power        Failure   Level  Hunger
a - Flame Tongue          Conj/Fire      #####        1%          1    None
b - Throw Flame           Conj/Fire      #####.       1%          2    None
c - Conjure Flame         Conj/Fire      #####...     1%          3    None
d - Sticky Flame          Conj/Fire      #####...     7%          4    ###....
e - Fireball              Conj/Fire      #####.....   19%         5    #####..

Your spell library contained the following spells:

 Spells                   Type           Power        Failure   Level  Hunger
 Inner Flame              Hex/Fire       ###.....     7%          3    None


Dungeon Overview and Level Annotations

Branches:
Dungeon (7/15)             Temple (0/1) D:4

Altars:
Hepliaklqana
Kikubaaqudgha
Nemelex Xobeh

Shops:
D:6 (

Annotations:
D:5 Grinder
D:7 3 runed translucent doors, MatthieuS's ghost, novice VSFi


Message History

Aiming: Flame Tongue (safe; 1% risk of failure)
Press: ? - help, Shift-Dir - straight line, f/p - centaur
Aim: a centaur (severely wounded, covered in liquid flames)
The flame tongue hits the centaur.
The centaur is severely wounded.
The centaur burns!
You kill the centaur!
Grinder hits you!
* * * LOW HITPOINT WARNING * * *
Casting: Flame Tongue (safe; 1% risk of failure)
Confirm with . or Enter, or press ? or * to list all spells.
Aiming: Flame Tongue (safe; 1% risk of failure)
Press: ? - help, Shift-Dir - straight line, f - Grinder
Aim: Grinder The flame tongue hits Grinder!
Grinder is moderately wounded.
Grinder hits you.
* * * LOW HITPOINT WARNING * * *
You writhe in agony.
You die...

#.# ##.# #### #..#
..%#####.#####
#..#.........#
###..#.###.....#
.##....#.#...##.)#
......5#.#....#..#
#..@(..._......
......)#..#....#.###
[...#.##..##...# #
.## #. #.....### .
#.?.... .. #####.##
♣. .# ♣♣ #


You could see Grinder.

Vanquished Creatures
  Prince Ribbit (D:7)
  A hippogriff (D:7)
  A phantom (D:7)
  2 ogres (D:4)
  A centaur (D:5)
  A bullfrog (D:7)
  A wyvern skeleton (D:6)
  A scorpion (D:4)
  2 hounds
  Crazy Yiuf (D:2)
  An orc wizard (D:6)
  A hound zombie (D:3)
  Robin (D:2)
  A howler monkey zombie (D:7)
  7 adders
  2 oozes
  3 worms
  2 dart slugs (D:3)
  7 leopard geckos
  7 orcs
  3 bats
  A giant cockroach (D:7)
  23 goblins
  15 hobgoblins
  14 jackals
  2 quokkas
  A ball python (D:3)
  A frilled lizard (D:1)
  2 kobolds
  8 rats
114 creatures vanquished.

Vanquished Creatures (others)
  A fungus (D:7)
  A plant (D:7)
2 creatures vanquished.

Grand Total: 116 creatures vanquished

Notes
Turn   | Place    | Note
-------+----------+-------------------------------------------
     0 | D:1      | Spazmo the Deep Elf Fire Elementalist began the quest for
                  | the Orb.
     0 | D:1      | Reached XP level 1. HP: 10/10 MP: 6/6
   171 | D:1      | Reached XP level 2. HP: 6/15 MP: 4/8
   242 | D:1      | Learned a level 2 spell: Throw Flame
   529 | D:1      | Reached XP level 3. HP: 16/19 MP: 7/10
   534 | D:1      | Learned a level 3 spell: Conjure Flame
   872 | D:2      | Reached skill level 4 in Spellcasting
  1015 | D:2      | Noticed Robin
  1029 | D:2      | Killed Robin
  1032 | D:2      | Reached XP level 4. HP: 16/24 MP: 7/12
  1229 | D:2      | Found a runed translucent door.
  1230 | D:2      | Noticed Crazy Yiuf
  1239 | D:2      | Killed Crazy Yiuf
  1313 | D:3      | Learned a level 4 spell: Sticky Flame
  1322 | D:3      | Reached XP level 5. HP: 28/28 MP: 1/14
  1685 | D:3      | Reached skill level 5 in Spellcasting
  1941 | D:3      | Found a hazy altar of Hepliaklqana.
  2233 | D:4      | Reached skill level 5 in Fire Magic
  2235 | D:4      | Noticed an ogre
  2246 | D:4      | Killed an ogre
  2246 | D:4      | Reached XP level 6. HP: 4/32 MP: 2/16
  2423 | D:4      | Learned a level 5 spell: Fireball
  2489 | D:4      | Found a sparkling altar of Nemelex Xobeh.
  2501 | D:4      | Reached skill level 6 in Spellcasting
  2670 | D:4      | Found a staircase to the Ecumenical Temple.
  2672 | D:4      | You fall into a shaft and drop 3 floors!
  2677 | D:7      | Noticed a hippogriff
  2681 | D:7      | Noticed Prince Ribbit
  2690 | D:7      | Killed a hippogriff
  2690 | D:7      | Reached skill level 1 in Shields
  2690 | D:7      | Reached XP level 7. HP: 21/36 MP: 5/18
  2737 | D:7      | Killed Prince Ribbit
  2737 | D:7      | Reached skill level 5 in Conjurations
  2870 | D:7      | Reached skill level 7 in Spellcasting
  2871 | D:7      | Got a creamy pearl robe
  2872 | D:7      | Identified the +0 robe of the Untouchables {Stlth+} (You
                  | found it on level 7 of the Dungeon)
  2888 | D:7      | Reached XP level 8. HP: 19/41 MP: 4/20
  3003 | D:7      | Found a runed translucent gate.
  3032 | D:7      | Found a runed translucent gate.
  3033 | D:7      | Found a runed translucent gate.
  3036 | D:7      | Noticed a kobold demonologist
  3037 | D:7      | Noticed MatthieuS's ghost (novice VSFi)
  3104 | D:6      | Found Gaatiozaf's Weapon Emporium.
  3169 | D:5      | Entered Level 5 of the Dungeon
  3177 | D:5      | Found an ancient bone altar of Kikubaaqudgha.
  3186 | D:5      | Noticed Grinder
  3190 | D:5      | Slain by Grinder

Levels and vault maps discovered:
D:1:      moated_graveyard_arrival, layout_basic, serial_park_tiny_pond,
          feat_on_display
D:2:      layout_rooms, uniq_crazy_yiuf_cottage, uniq_robin
D:3:      layout_basic, overflow_temple_1_default, first_ration
D:4:      kennysheep_the_goblin_king, layout_loops_ring, old_standard_altar,
          nemelex_xobeh_ov_fountains_minmay, minmay_temple_entry_large_hall,
          nemelex_diamond_rough_becter
D:5:      layout_loops_cross, nicolae_overflow_crystal_walls,
          serial_bayou_crossing, uniq_grinder
D:6:      layout_basic, serial_shops, shop, nicolae_shop_statue_plus, shop,
          kennysheep_mini_moat, kennysheep_mini, kennysheep_windowed_goal
D:7:      minmay_general_purpose_star, layout_cave_pools,
          grunt_temple_overflow_open, gammafunk_ghost_nasty_kobolds,
          grunt_ministairs_14, st_stairs_3, the_bakery, uniq_prince_ribbit1

Skill      XL: |  1  2  3  4  5  6  7 |
---------------+----------------------+-----
Conjurations   | 2 3 4 5 |  5.8
Spellcasting   | 4 5 6 7 |  7.5
Fire Magic     | 4 5 6 |  6.7
Shields        | 1 2 |  2.6
Dodging        | |  2.4
Stealth        | |  2.4

Action                   |  1- 3 |  4- 6 |  7- 9 || total
-------------------------+-------+-------+-------++-------
Melee: Unarmed           |     4 |       |       ||     4
       Spear             |    13 |     6 |    17 ||    36
       Quarterstaff      |       |     1 |       ||     1
 Cast: Flame Tongue      |    48 |   121 |    31 ||   200
       Throw Flame       |     4 |    15 |     4 ||    23
       Sticky Flame      |       |     2 |     4 ||     6
  Use: Scroll            |     2 |     6 |     1 ||     9
       Potion            |       |     2 |       ||     2
  Eat: Chunk             |       |     5 |     3 ||     8
Armor: Robe              |     3 |    14 |     2 ||    19
Dodge: Dodged            |    21 |    55 |    13 ||    89
Block: Buckler           |       |     2 |     3 ||     5

Table legend:
 A = Non-vault XP
 B = Vault XP
 C = Vault XP percentage of total XP
 D = Non-vault monster count
 E = Vault monster count
 F = Vault count percentage of total count
                 A         B        C        D         E       F
            +---------+---------+-------+---------+---------+-------
      Total |    1388 |     376 |  21.3 |      92 |      22 |  19.3
            +---------+---------+-------+---------+---------+-------
        D:1 |      46 |       0 |   0.0 |      22 |       0 |   0.0
        D:2 |      29 |      80 |  73.4 |       9 |      14 |  60.9
        D:3 |     143 |       0 |   0.0 |      34 |       0 |   0.0
        D:4 |     387 |      13 |   3.2 |       8 |       7 |  46.7
        D:5 |     110 |       0 |   0.0 |       1 |       0 |   0.0
        D:6 |     119 |       0 |   0.0 |       6 |       0 |   0.0
        D:7 |     554 |     283 |  33.8 |      12 |       1 |   7.7
            +---------+---------+-------+---------+---------+-------
